 Dungeon Crawl Stone Soup version 0.24.0 (webtiles) character file.

Game seed: 1163968012794286404, levelgen mode: deterministic

2774 Buxparty the Thaumaturge (level 9, 0/39 HPs)
             Began as a Spriggan Enchanter on Feb 8, 2020.
             Was a Believer of Dithmenos.
             Killed from afar by an orc wizard (7 damage)
             ... with a magic dart
             ... on level 7 of the Dungeon.
             The game lasted 00:25:44 (6993 turns).

Buxparty the Thaumaturge (Spriggan Enchanter)       Turns: 6993, Time: 00:25:45

Health: 0/39       AC:  3    Str:  4    XL:     9   Next: 42%
Magic:  24/24      EV: 24    Int: 19    God:    Dithmenos [**....]
Gold:   333        SH:  0    Dex: 17    Spells: 19/28 levels left

rFire    . . .     SeeInvis +   a - +2 dagger
rCold    . . .     Gourm    .   (shield restricted)
rNeg     . . .     Faith    .   b - +1 robe
rPois    .         Spirit   .   (helmet restricted)
rElec    .         Reflect  .   (no cloak)
rCorr    .         Harm     .   (gloves unavailable)
MR       ++...                  (boots unavailable)
Stlth    +++++.....             (no amulet)
HPRegen  0.13/turn              n - ring of flight
MPRegen  0.19/turn              p - ring of protection from magic

@: wreathed by umbra, very quick
A: very small, unfitting armour, see invisible, herbivore, speed 3, slow
metabolism 2
a: Shadow Step, Renounce Religion, Evoke Flight


You were on level 7 of the Dungeon.
You worshipped Dithmenos.
Dithmenos was pleased with you.
You were very hungry.

You visited 2 branches of the dungeon, and saw 8 of its levels.

You collected 333 gold pieces.

Inventory:

Hand Weapons
 a - a +2 dagger (weapon)
Missiles
 y - 12 poisoned darts (quivered)
Armour
 b - a +1 robe (worn)
Jewellery
 g - an uncursed amulet of harm
 k - an uncursed amulet of rage
 n - a ring of flight (left hand)
 p - a ring of protection from magic (right hand)
Wands
 j - a wand of paralysis (10)
Scrolls
 c - 4 scrolls of enchant weapon
 h - 3 scrolls of identify
 i - a scroll of enchant armour
 m - a scroll of remove curse
 q - a scroll of amnesia {unknown}
 r - a scroll of fog {unknown}
 s - a scroll of teleportation {unknown}
 t - 3 scrolls of noise {unknown}
 w - 3 scrolls of fear {unknown}
 x - a scroll of blinking {unknown}
 A - a scroll of magic mapping {unknown}
 B - a scroll of holy word {unknown}
 C - a scroll of immolation {unknown}
Potions
 e - a potion of might {unknown}
 f - 5 potions of resistance
 l - a potion of degeneration {unknown}
 o - 2 potions of curing {unknown}
 u - a potion of invisibility {unknown}
 v - 2 potions of magic {unknown}
 z - a potion of brilliance {unknown}
 D - a potion of lignification {unknown}
Comestibles
 d - 10 rations


   Skills:
 - Level 2.0 Short Blades
 + Level 8.5 Dodging
 + Level 9.8 Stealth
 * Level 10.2 Spellcasting
 + Level 7.9 Hexes


You had 19 spell levels left.
You knew the following spells:

 Your Spells              Type           Power        Failure   Level  Hunger
a - Corona                Hex            #####..      1%          1    None
b - Ensorcelled Hibernat  Hex/Ice        ###...       2%          2    None
c - Confuse               Hex            #####...     1%          3    None
d - Dazzling Spray        Conj/Hex       ###...       4%          3    None

Your spell library contained the following spells:

 Spells                   Type           Power        Failure   Level  Hunger
 Tukima's Dance           Hex            #####...     1%          3    None
 Inner Flame              Hex/Fire       ###.....     4%          3    None
 Flame Tongue             Conj/Fire      #....        8%          1    None
 Throw Flame              Conj/Fire      #.....       11%         2    None
 Conjure Flame            Conj/Fire      #.......     22%         3    None
 Sticky Flame             Conj/Fire      #.......     58%         4    ##.....
 Fireball                 Conj/Fire      #.........   90%         5    #####..


Dungeon Overview and Level Annotations

Branches:
Dungeon (7/15)             Temple (1/1) D:4

Altars:
Ashenzari
Cheibriados
Dithmenos
Elyvilon
Gozag
Hepliaklqana
Kikubaaqudgha
Makhleb
Nemelex Xobeh
Ru
Sif Muna
Trog
Uskayaw
Vehumet
Xom
Yredelemnul
Zin

Shops:
D:5 ?!!?*

Annotations:
D:7 Harold


Innate Abilities, Weirdness & Mutations

You are very small and have problems with some larger weapons.
You are too small for most types of armour.
You have supernaturally acute eyesight. (SInv)
You are a herbivore.
You cover ground extremely quickly.
You need to consume almost no food.


Message History

You see here a throwing net.
You struggle against the net.
You hear a shout!
The orc wizard mumbles some strange words.
The orc wizard seems to speed up.
Harold says, "Listen, it's nothing personal.
It's just a job."
The orc warrior hits you from afar with a +0 halberd!
You struggle against the net.
The orc wizard gestures at you while chanting.
The magic dart hits you!
An orc comes into view. It is wielding a +0 falchion.
Harold gestures at you while chanting.
You barely resist. The orc warrior closely misses you.
You rip the net and break free!
The orc warrior completely misses you. The orc wizard casts a spell at you.
The puff of frost hits you!
* * * LOW HITPOINT WARNING * * *
The orc wizard points at you and mumbles some strange words.
The magic dart hits you!
You die...

..###### ..#.......>....#
.......# #.#...........##
......## #.............#
# ..)...#
##.............# .##
.(..#[####..............#
....
...#).).#..............##
#....
.....###...............#
#..... #...##
##..............##o@o.
..### #.......@......#.o#
.## #...........oo#@.# ##
#...............##
#............./##
##............###
#.............#
#...........###
#..........##
#..........#


You could see Harold, an orc warrior and an orc wizard.

Vanquished Creatures
  Pikel (D:4)
  Grinder (D:3)
  Menkaure (D:6)
  2 orc warriors
  A phantom (D:7)
  A sky beast (D:6)
  A black bear (D:5)
  3 ogres
  2 centaurs
  2 bullfrogs (D:7)
  A water moccasin skeleton (D:6)
  A scorpion (D:7)
  5 wights (D:5)
  A howler monkey (D:5)
  A crimson imp (D:7)
  A bullfrog zombie (D:6)
  A centaur zombie (D:6)
  2 hounds
  2 centaur skeletons
  2 orc priests
  2 orc wizards
  Jessica (D:3)
  An iguana (D:5)
  4 worker ants
  3 gnolls (D:5)
  7 adders
  A shadow imp (D:5)
  An adder skeleton (D:6)
  2 dart slugs (D:3)
  6 leopard geckos
  11 orcs
  9 bats
  A bat zombie (D:2)
  5 giant cockroaches
  9 goblins
  3 hobgoblins
  3 jackals (D:2)
  5 quokkas
  3 ball pythons
  8 frilled lizards
  A giant cockroach zombie (D:6)
  10 kobolds
  6 rats
  A rat zombie (D:2)
135 creatures vanquished.

Notes
Turn   | Place    | Note
-------+----------+-------------------------------------------
     0 | D:1      | Buxparty the Spriggan Enchanter began the quest for the
                  | Orb.
     0 | D:1      | Reached XP level 1. HP: 9/9 MP: 5/5
    76 | D:1      | Reached skill level 3 in Spellcasting
   125 | D:1      | Reached XP level 2. HP: 13/13 MP: 7/7
   129 | D:1      | Learned a level 2 spell: Ensorcelled Hibernation
   905 | D:2      | Reached XP level 3. HP: 16/16 MP: 9/9
  1210 | D:2      | Reached skill level 4 in Spellcasting
  1271 | D:2      | Found a shattered altar of Ashenzari.
  1637 | D:2      | Found a shimmering blue altar of Sif Muna.
  1722 | D:2      | Found a burning altar of Makhleb.
  1838 | D:2      | Found an ancient bone altar of Kikubaaqudgha.
  1957 | D:3      | Noticed Grinder
  2043 | D:2      | Learned a level 3 spell: Confuse
  2343 | D:3      | Paralysed by Grinder for 5 turns
  2650 | D:3      | Killed Grinder
  2650 | D:3      | Reached skill level 5 in Stealth
  2650 | D:3      | Reached skill level 5 in Spellcasting
  2650 | D:3      | Reached XP level 4. HP: 6/21 MP: 2/12
  2650 | D:3      | Reached XP level 5. HP: 7/24 MP: 2/13
  2852 | D:3      | Reached XP level 6. HP: 27/28 MP: 12/15
  2916 | D:3      | Noticed Jessica
  2951 | D:3      | Killed Jessica
  3066 | D:3      | Reached skill level 5 in Hexes
  3157 | D:3      | Found a faded altar of an unknown god.
  3460 | D:4      | Found a staircase to the Ecumenical Temple.
  3510 | Temple   | Entered the Ecumenical Temple
  3623 | Temple   | Became a worshipper of Dithmenos the Shadowed
  3781 | D:4      | Noticed Pikel
  3781 | D:4      | Noticed a slave
  3782 | D:4      | Noticed a slave
  3782 | D:4      | Noticed a slave
  3783 | D:4      | Noticed a slave
  3791 | D:4      | Killed Pikel
  3791 | D:4      | Reached skill level 5 in Dodging
  3791 | D:4      | Reached skill level 7 in Spellcasting
  3791 | D:4      | Reached XP level 7. HP: 32/32 MP: 8/18
  4113 | D:5      | Entered Level 5 of the Dungeon
  4160 | D:5      | Found Nalaomuisch's Magic Scroll Shoppe.
  4440 | D:5      | Reached XP level 8. HP: 36/36 MP: 11/20
  4482 | D:5      | Found Muderi's Distillery.
  4482 | D:5      | Found Leawih's Distillery.
  4488 | D:5      | Found a burning altar of Makhleb.
  4686 | D:5      | Reached skill level 8 in Spellcasting
  5000 | D:5      | Found Vozetzog's Assorted Antiques.
  5186 | D:5      | Reached * piety under Dithmenos
  5320 | D:5      | Found Zuemym's Magic Scroll Boutique.
  5514 | D:6      | Learned a level 3 spell: Dazzling Spray
  5537 | D:6      | Reached skill level 9 in Spellcasting
  5642 | D:6      | Noticed Menkaure
  5651 | D:6      | Killed Menkaure
  6186 | D:6      | Reached XP level 9. HP: 35/39 MP: 15/23
  6630 | D:7      | Reached skill level 10 in Spellcasting
  6670 | D:7      | Reached ** piety under Dithmenos
  6983 | D:7      | Noticed Harold
  6993 | D:7      | Killed from afar by an orc wizard

Levels and vault maps discovered:
D:1:      minmay_arrival_four_houses, layout_loops_ring, minivault_27,
          st_stairs_5, patterned_corridor
D:2:      wander_river, layout_basic, led_sif_pool,
          lemuel_zombie_altar_kikubaaqudgha, lemuel_coloured_pillars_altar,
          ashenzari_altar_1
D:3:      layout_rooms, chequers_ecumenical_altar_simple, uniq_jessica,
          uniq_grinder
D:4:      layout_layer_cave, minmay_temple_entry_arrows, first_ration,
          grunt_ministairs_14, uniq_pikel
D:5:      black_bear_nest_1, layout_cave_pools, serial_shops, shop, shop,
          kennysheep_mini, nicolae_shop_trees, shop, nrook_campfire,
          makhleb_heckhound_becter
D:6:      layout_cave_pods, serial_column_ruins, column_ruins_hut_pillars,
          column_ruins_circle_medium, column_ruins_grid_1,
          column_ruins_open_small, column_ruins_grid_3, column_ruins_grid_1,
          column_ruins_grid_3, uniq_menkaure
D:7:      minmay_angry_zag, layout_cave_pods,
          grunt_temple_overflow_forces_of_nature, gammafunk_ghost_grave,
          uniq_harold, uniq_duvessa, uniq_joseph
Temple:   dshaligram_water_room_temple
